 Dungeon Crawl Stone Soup version 0.28.0-53-g5a82cb258f (webtiles) character file.

Game seed: 15139767201205119696

149 Snilsmaster12 the Cutter (level 5, 0/26 (27) HPs)
             Began as a Vine Stalker Fighter on Aug 22, 2022.
             Slain by a hell rat (4 damage)
             ... in a sewer.
             The game lasted 00:02:37 (2780 turns).

Snilsmaster12 the Cutter (Vine Stalker Fighter)     Turns: 2780, Time: 00:02:38

HP:   0/26 (27)     AC:  9    Str: 19    XL:     5   Next: 31%
MP:   0/6           EV:  6    Int:  8    God:
Gold: 100           SH:  5    Dex: 15    Spells: 4/4 levels left

rFire   . . .      SeeInvis .   o - +2 short sword (speed)
rCold   . . .      Faith    .   c - +0 buckler
rNeg    . . .      Spirit   +   q - +0 chain mail
rPois   +          Reflect  .   (no helmet)
rElec   .          Harm     .   h - +0 cloak
rCorr   .          Rampage  .   (no gloves)
Will    .....                   (no boots)
Stlth   ..........              (no amulet)
HPRegen 0.88/turn               i - ring of poison resistance
MPRegen 0.10/turn               (no ring)

@: lightly drained, very slow
A: fangs 2, regeneration 1, magic shield, antimagic bite, no potion heal 2
a: no special abilities


You were in a sewer.
You visited 1 branch of the dungeon, and saw 3 of its levels.
You also visited: Sewer.

You collected 100 gold pieces.

Inventory:

Hand Weapons
 a - a +0 rapier
 o - a +2 short sword of speed (weapon)
Armour
 b - a +0 scale mail
 c - a +0 buckler (worn)
 h - a +0 cloak (worn)
 q - a +0 chain mail (worn)
Jewellery
 i - a ring of poison resistance (left hand)
Scrolls
 e - 3 scrolls of identify {unknown}
 g - a scroll of immolation {unknown}
 j - a scroll of vulnerability {unknown}
 k - a scroll of blinking {unknown}
 m - 2 scrolls of magic mapping {unknown}
 n - a scroll of fog {unknown}
 p - a scroll of enchant armour {unknown}
Potions
 d - a potion of might
 f - a potion of brilliance {unknown}
 l - a potion of flight {unknown}


   Skills:
 - Level 2.6 Fighting
 + Level 4.9 Short Blades
 - Level 2.4 Armour
 - Level 2.6 Shields


You had 4 spell levels left.
You didn't know any spells.
Your spell library was empty.

Dungeon Overview and Level Annotations

Branches:
Dungeon (3/15)              Sewer (1/1)

Altars:


Innate Abilities, Weirdness & Mutations

You have extremely sharp teeth.
Your natural rate of healing is unusually fast.
When hurt, damage is shared between your health and your magic reserves.
Your bite disrupts and absorbs the magic of your enemies.
Potions cannot restore your health.


Message History

You closely miss the hell rat. You hit the hell rat but do no damage.
The hell rat bites you!
You hit the hell rat.
You bite the hell rat, but do no damage.
The hell rat is lightly wounded.
The hell rat splashes around in the water.
You barely miss the hell rat. Your bite misses the hell rat.
The hell rat is lightly wounded.
The hell rat bites you!
You feel drained.
You are too injured to fight recklessly!
You are too injured to fight recklessly!
You are too injured to fight recklessly!
You are too injured to fight recklessly!
You are too injured to fight recklessly!
You are too injured to fight recklessly!
You are too injured to fight recklessly!
A hell rat is nearby!
Unknown command.
You barely miss the hell rat.
You bite the hell rat, but do no damage.
The hell rat is lightly wounded.
You hit the hell rat but do no damage.
The hell rat is lightly wounded.
The hell rat barely misses you.
You hit the hell rat. You bite the hell rat. You drain its power.
You feel invigorated.
The hell rat is heavily wounded.
The hell rat bites you!
Unknown command.
You closely miss the hell rat. Your bite misses the hell rat.
The hell rat is heavily wounded.
The hell rat bites you!
* * * LOW HITPOINT WARNING * * *
You closely miss the hell rat. Your bite misses the hell rat.
The hell rat is heavily wounded.
Unknown command.
You enter the shallow water.
Moving in this stuff is going to be slow.
The hell rat bites you.
You die...

#### ##.≈≈##
≈.≈≈.≈≈
##≈≈≈≈.≈≈##
#≈≈. ##.≈.#
##..# ≈##≈≈##
#≈≈. ≈≈≈#≈..#
#≈≈##≈≈!##..#
#≈@#≈≈≈[?#..#
#..r≈≈≈!∩#∩∩#
#≈.#≈≈≈$!#≈.#
#.≈##≈.?##.≈#
#≈≈†#≈.≈#≈≈.#
##≈≈##.##.≈##
#.≈.###≈≈.#
##≈≈≈..≈.##
#≈..≈...#


You could see a hell rat.

Vanquished Creatures
  Natasha (twice) (D:2)
  A gnoll (D:2)
  2 river rats (Sewer)
  A worm (D:2)
  2 dart slugs (D:1)
  7 bats
  6 endoplasms
  3 giant cockroaches
  6 hobgoblins
  3 jackals (D:1)
  5 kobolds
  4 quokkas
  4 ball pythons
  3 frilled lizards (D:2)
  6 goblins
  6 rats
61 creatures vanquished.

Notes
Turn   | Place    | Note
-------+----------+-------------------------------------------
     0 | D:1      | Snilsmaster12 the Vine Stalker Fighter began the quest for
                  | the Orb.
     0 | D:1      | Reached XP level 1. HP: 11/11 MP: 2/2
    49 | D:1      | Reached skill level 2 in Short Blades
    59 | D:1      | Reached XP level 2. HP: 11/16 MP: 3/3
   467 | D:1      | Reached skill level 3 in Short Blades
   474 | D:1      | Reached XP level 3. HP: 12/19 MP: 2/4
  1150 | D:2      | Found a faded altar of an unknown god.
  2226 | D:2      | Gained mutation: Your natural rate of healing is unusually
                  | fast. [Vine Stalker growth]
  2226 | D:2      | Reached XP level 4. HP: 8/23 MP: 1/5
  2309 | D:2      | Reached skill level 4 in Short Blades
  2475 | D:2      | Noticed Natasha
  2484 | D:2      | Killed Natasha
  2592 | D:2      | Noticed Natasha
  2599 | D:2      | Killed Natasha
  2600 | D:2      | Reached XP level 5. HP: 21/27 MP: 3/6
  2708 | D:3      | Found a glowing drain.
  2727 | Sewer    | Entered a sewer
  2780 | Sewer    | Slain by a hell rat

Illustrated notes

Levels and vault maps discovered:
D:1:      psy_arrival_whirlpool, layout_basic, corexii_hall_statues_l,
          minivault_11
D:2:      layout_rooms, shapermc_ecumenical_altar_venn, serial_curves,
          eino_curves_04, eino_curves_02, eino_curves_02, eino_curves_04,
          kennysheep_generic_room_5, uniq_natasha
D:3:      layout_basic, cheibrodos_sewer_entry_sluice
Sewer:    sewer_hellmonk_bad_rat

Skill      XL: |  1  2  3  4 |
---------------+-------------+-----
Short Blades   | 2 3 4 |  4.9
Fighting       | |  2.6
Armour         | |  2.4
Shields        | |  2.6

Action                   |  1- 3 |  4- 6 || total
-------------------------+-------+-------++-------
Melee: Rapier            |   106 |       ||   106
       Bite              |    20 |    19 ||    39
       Short sword       |     6 |    52 ||    58
Armor: Scale mail        |    51 |     3 ||    54
       Chain mail        |       |     5 ||     5
Dodge: Dodged            |    56 |     8 ||    64
Block: Buckler           |    28 |     9 ||    37
